Map: Неоновая площадь РВ

Players

llllllllllll

  • Race: Protoss Protoss
  • League: Grandmaster
  • Spawn Location: 11:00

IIIIIIIIIIII - Winner!

  • Race: Terran Terran
  • League: Bronze
  • Spawn Location: 5:00

VOD

Have the link to the VOD?

Description

Time

  • Played on: Dec. 15, 2017, 12:18 a.m.
  • Length: 9:11
Show
View Real Time Build Order
Export as new Build Order

llllllllllll Protoss 

Build Orders: 1 Gate Expand 

Get SALT Encoding   

  12  0:01  Probe  
  13  0:13  Probe  
  14  0:18  Pylon  
  14  0:25  Probe (Chrono Boost)  
  15  0:38  Probe (Chrono Boost)  
  15  0:40  Gateway  
  16  0:44  Probe (Chrono Boost)  
  17  0:50  Assimilator  
  17  0:53  Probe  
  18  1:05  Probe  
  19  1:25  Nexus  
  19  1:34  Cybernetics Core  
  19  1:37  Probe  
  20  1:45  Assimilator  
  20  1:49  Probe  
  21  1:59  Pylon  
  21  2:01  Probe  
  22  2:11  Warp Gate (Chrono Boost)  
  22  2:17  Adept (Chrono Boost)  
  22  2:21  Probe  
  25  2:34  Adept  
  27  2:37  Probe, Robotics Facility  
  27  2:43  Probe  
  29  2:49  Probe  
  30  2:56  Probe  
  31  3:03  Adept (Chrono Boost)  
  31  3:04  Pylon  
  31  3:06  Probe  
  33  3:20  Adept (Chrono Boost)  
  30  3:37  Immortal (Chrono Boost)  
  34  3:44  Probe  
  27  3:59  Probe  
  27  4:09  Probe  
  27  4:11  Observer  
  27  4:12  Probe  
  29  4:21  Probe  
  29  4:24  Probe  
  27  4:32  Stalker  
  27  4:33  Probe  
  27  4:38  Probe (Chrono Boost)  
  31  4:45  Probe (Chrono Boost)  
  31  4:51  Probe (Chrono Boost)  
  34  4:57  Probe x2 (Chrono Boost)  
  35  5:06  Probe  
  36  5:08  Probe  
  36  5:14  Stalker  
  37  5:18  Probe  
  36  5:25  Probe (Chrono Boost)  
  36  5:37  Probe x2 (Chrono Boost)  
  38  5:46  Probe x2 (Chrono Boost)  
  38  5:50  Sentry  
  39  5:58  Probe  
  36  6:11  Probe (Chrono Boost)  
  34  6:20  Stalker  
  34  6:23  Probe (Chrono Boost)  
  34  6:25  Gateway  
  37  6:29  Probe  
  38  6:39  Gateway  
  38  6:42  Probe (Chrono Boost)  
  38  6:46  Stalker  
  42  6:54  Probe (Chrono Boost)  
  42  6:58  Probe x2 (Chrono Boost)  
  42  7:01  Probe  
  43  7:08  Probe  
  43  7:16  Immortal (Chrono Boost)  
  43  7:19  Probe (Chrono Boost)  
  43  7:22  Sentry  
  50  7:23  Sentry  
  53  7:32  Probe (Chrono Boost)  
  53  7:33  Pylon  
  53  7:36  Pylon  
  54  7:38  Probe (Chrono Boost)  
  54  7:50  Twilight Council  
  54  7:51  Probe x2  
  54  7:54  Sentry x2, Pylon  
  54  7:58  Stalker  
  62  8:05  Observer (Chrono Boost)  
  54  8:19  Probe  
  55  8:21  Probe  
  56  8:27  Twilight Council  
  56  8:29  Assimilator  
  56  8:34  Assimilator  
  56  8:35  Nexus  
  56  8:36  Probe  
  55  8:43  Stalker  
  57  8:54  Probe (Chrono Boost)  
Show
View Real Time Build Order
Export as new Build Order

IIIIIIIIIIII Terran - Winner!

Build Orders: 1/1/1, Cyclone Opening, MMM Bio 

Get SALT Encoding   

  12  0:01  SCV  
  13  0:13  SCV  
  14  0:17  Supply Depot  
  14  0:25  SCV  
  15  0:30  Refinery  
  15  0:39  SCV  
  16  0:45  Barracks  
  16  0:51  SCV  
  17  1:03  SCV  
  18  1:15  SCV  
  19  1:32  Marine, Orbital Command  
  19  1:37  Factory  
  19  1:38  Refinery  
  20  1:48  Supply Depot  
  20  1:50  Marine  
  21  1:58  SCV  
  22  2:08  Marine  
  22  2:10  SCV  
  24  2:21  Cyclone  
  27  2:26  Starport  
  27  2:27  Marine  
  28  2:32  Supply Depot  
  28  2:36  SCV  
  29  2:45  Marine  
  29  2:49  SCV  
  31  2:52  Supply Depot  
  31  2:54  Liberator  
  31  3:01  Cyclone  
  31  3:03  Marine  
  38  3:21  Marine  
  36  3:36  Cyclone  
  36  3:38  Liberator  
  36  3:39  Marine  
  43  3:56  Marine  
  43  4:02  Command Center  
  39  4:14  Marine  
  35  4:32  Marine  
  40  4:38  Liberator  
  36  4:43  SCV  
  37  4:46  Barracks  
  37  4:48  Barracks  
  33  4:55  SCV  
  33  4:57  Supply Depot  
  33  4:58  Engineering Bay  
  37  5:05  Barracks Tech Lab  
  37  5:11  SCV  
  38  5:20  Orbital Command  
  40  5:23  SCV  
  41  5:31  Marine  
  41  5:35  Barracks Tech Lab  
  40  5:36  Barracks Reactor  
  40  5:39  Terran Infantry Weapons Level 1, Missile Turret  
  40  5:40  SCV  
  41  5:46  Orbital Command  
  41  5:49  Marine  
  42  5:52  SCV  
  42  5:53  Medivac  
  42  5:54  Marine  
  42  5:56  Stimpack  
  46  6:01  Combat Shields  
  46  6:04  SCV  
  46  6:06  Marine  
  44  6:12  Marine  
  44  6:13  Marine x2  
  44  6:15  SCV  
  44  6:16  SCV  
  49  6:24  Marine  
  50  6:27  SCV  
  50  6:29  SCV  
  50  6:32  Missile Turret  
  52  6:35  Supply Depot, Marine x2  
  52  6:37  Bunker  
  52  6:39  SCV  
  55  6:43  Marauder  
  55  6:44  Medivac  
  59  6:47  SCV  
  59  6:50  Marine  
  59  6:51  SCV  
  59  6:54  Marine x2  
  58  7:02  Liberator  
  58  7:04  Marine  
  58  7:06  SCV x2  
  58  7:07  Marine  
  62  7:15  Supply Depot, Marine x2  
  63  7:20  Concussive Shells  
  63  7:21  SCV  
  68  7:23  SCV  
  68  7:24  Marine  
  70  7:31  Marine  
  70  7:32  Supply Depot  
  70  7:33  Marine x2  
  73  7:40  SCV x2  
  73  7:44  Marauder  
  77  7:48  Liberator  
  77  7:49  Marine  
  77  7:51  Marine  
  79  7:52  SCV x2  
  80  8:04  SCV x2, Marine  
  85  8:15  Marine x2  
  85  8:17  Marauder  
  89  8:20  Barracks  
  89  8:21  Barracks  
  89  8:22  Marine  
  89  8:28  Command Center  
  89  8:33  Marine x2  
  82  8:37  SCV x2, Marine  
  82  8:39  Marine  
  85  8:51  Marine  
Tags
 
Add a new tag
Caveats
  • Supply blocks, unpowered buildings, or Contaminate may cause inaccurate times.
  • Supply counts are checked every 10 seconds.